Map: Rovine di Endion

Players

Jhyrachy - Winner!

  • Race: Zerg Zerg
  • League: Gold

Rakija

  • Race: Terran Terran

VOD

Have the link to the VOD?

Description

Time

  • Played on: May 6, 2016, 2:46 p.m.
  • Length: 6:13
Show
View Real Time Build Order
Export as new Build Order

Jhyrachy Zerg - Winner!

Build Orders: Pool First 

Get SALT Encoding   

  12  0:01  Drone  
  13  0:08  Drone  
  14  0:17  Overlord  
  14  0:37  Drone x3  
  17  0:49  Spawning Pool  
  16  0:51  Drone, Extractor  
  16  0:59  Drone  
  17  1:10  Drone  
  18  1:21  Drone  
  19  1:31  Drone  
  20  1:32  Hatchery  
  20  1:39  Queen  
  21  1:46  Overlord  
  21  1:55  Overlord  
  21  2:28  Baneling Nest  
  20  2:30  Drone  
  20  2:32  Zergling x4  
  23  2:57  Queen  
  25  3:15  Zergling x2  
  25  3:16  Zergling x12  
  32  3:23  Metabolic Boost  
  32  3:48  Drone x2  
  32  3:49  Drone x2  
  32  3:50  Overlord x2  
  32  3:55  Baneling x4  
  36  4:14  Zergling x2  
  36  4:15  Zergling x14  
  44  4:39  Drone x4  
  44  4:40  Drone x4  
  29  5:20  Zergling x2  
  29  5:21  Zergling x18  
  39  5:25  Spine Crawler  
  38  5:28  Spine Crawler  
  38  5:32  Spore Crawler  
Show
View Real Time Build Order
Export as new Build Order

Rakija Terran 

Build Orders:  

Get SALT Encoding   

  12  0:00  SCV  
  13  0:13  SCV  
  14  0:18  Supply Depot  
  14  0:25  SCV  
  15  0:40  SCV  
  16  0:43  Barracks  
  16  0:50  Refinery  
  16  0:52  SCV  
  17  1:04  SCV  
  18  1:16  SCV  
  19  1:19  Refinery  
  19  1:30  Marine  
  19  1:31  Supply Depot  
  20  1:34  Orbital Command  
  20  1:48  Marine  
  21  1:59  Factory  
  21  2:06  Marine  
  22  2:15  SCV  
  23  2:24  Marine  
  23  2:27  SCV  
  25  2:34  Barracks  
  25  2:39  SCV  
  25  2:41  Marine  
  25  2:43  Starport  
  27  2:45  Factory Reactor  
  28  2:51  SCV  
  28  2:59  Marine  
  28  3:03  SCV  
  30  3:17  Marine  
  31  3:35  Supply Depot  
  31  3:36  Supply Depot  
  31  3:37  Supply Depot  
  31  3:48  Supply Depot  
  31  3:49  Supply Depot  
  31  3:56  Widow Mine  
  31  3:57  Marine x2, Medivac x2  
  39  4:15  Marine x2  
  41  4:32  Marine x2  
  43  4:41  Widow Mine  
  43  4:43  Medivac x2  
  49  4:50  Marine  
  47  5:08  Marine  
Tags
 
Add a new tag
Caveats
  • Supply blocks, unpowered buildings, or Contaminate may cause inaccurate times.
  • Supply counts are checked every 10 seconds.